 Dungeon Crawl Stone Soup version 0.30-a0-718-geaa24f58ff (webtiles) character file.

Game seed: 18268373520711742249

36973 avis the Nimble (level 13, -9/111 HPs)
             Began as a Demigod Hunter on Jan 25, 2023.
             Mangled by a salamander
             ... wielding a +0 trident
              (13 damage)
             ... on level 1 of the Snake Pit on Jan 26, 2023.
             The game lasted 01:36:34 (14400 turns).

avis the Nimble (Demigod Hunter)                   Turns: 14400, Time: 01:36:35

Health: -9/111     AC:  9    Str: 12    XL:     13   Next: 24%
Magic:  16/16      EV: 34    Int: 14    God:
Gold:   784        SH:  0    Dex: 37    Spells: 12/12 levels left

rFire   . . .      SeeInvis .    b - +8 dagger of Xiuwuoq {freeze, rCorr}
rCold   . . .      Faith    .    (no shield)
rNeg    . . .      Spirit   .    O - +0 leather armour of Burnt Awe {rPois Int+3}
rPois   +          Reflect  .    T - +2 helmet
rElec   .          Harm     .    (no cloak)
rCorr   +          Rampage  .    V - +1 Delatra's gloves {ID++}
Will    +....                    c - +0 pair of boots
Stlth   +++++                    d - amulet of Xom's Recklessness {Regen+ Dex+4}
HPRegen 1.18/turn                F - +5 ring of evasion
MPRegen 0.15/turn                y - +4 ring of slaying

@: lethally poisoned (-9 -> -9)
A: high MP 1, forlorn, divine attributes
a: no special abilities


You were on level 1 of the Snake Pit.
You visited 4 branches of the dungeon, and saw 15 of its levels.

You collected 949 gold pieces.
You spent 165 gold pieces at shops.

Inventory:

Hand Weapons
 a - a +1 shortbow of flaming
 b - the +8 dagger of Xiuwuoq (weapon) {freeze, rCorr}
   (You found it on level 4 of the Dungeon)

   rCorr:     It protects you from acid and corrosion.
 f - a +0 shortbow
 w - the +0 falchion of the Disturbing Lies {venom, Int+2}
   (You found it on level 3 of the Lair of Beasts)

   Int:       It affects your intelligence (+2).
Missiles
 r - 4 datura-tipped darts
 C - a throwing net
 D - 39 poisoned darts
 L - 5 curare-tipped darts
 Q - 3 atropa-tipped darts
Armour
 c - a +0 pair of boots (worn)
 t - a +0 hat of stealth
 B - a +0 hat of see invisible
 O - the +0 leather armour of Burnt Awe (worn) {rPois Int+3}
   (You found it on level 4 of the Lair of Beasts)

   Int:       It affects your intelligence (+3).
   rPois:     It protects you from poison.
 T - a +2 helmet (worn)
 V - the +1 Delatra's gloves (worn) {ID++}
   (You found it on level 6 of the Dungeon)

   ID++:      It heals its wearer when they drink unknown potions, and restores
   their MP when they read unknown scrolls.
Jewellery
 d - the amulet of Xom's Recklessness (around neck) {Regen+ Dex+4}
   (You acquired it on level 7 of the Dungeon)

   [amulet of regeneration]

   Dex:       It affects your dexterity (+4).
   Regen:     It increases your rate of health regeneration.
 y - a +4 ring of slaying (right hand)
 F - a +5 ring of evasion (left hand)
Wands
 n - a wand of digging (2)
 v - a wand of flame (7)
 x - a wand of polymorph (8)
 G - a wand of iceblast (20)
 H - a wand of paralysis (6)
 J - a wand of quicksilver (7)
 N - a wand of mindburst (31)
Scrolls
 e - 5 scrolls of magic mapping
 i - a scroll of summoning
 j - a scroll of silence
 l - 2 scrolls of fear
 m - 3 scrolls of teleportation
 q - a scroll of vulnerability
 E - 5 scrolls of blinking
Potions
 g - a potion of magic
 h - 2 potions of berserk rage
 k - 2 potions of curing
 o - 2 potions of brilliance
 p - 3 potions of might
 s - 2 potions of lignification
 u - a potion of invisibility {unknown}
 z - a potion of flight
 A - 4 potions of haste
 I - 3 potions of resistance
 K - 2 potions of heal wounds


   Skills:
 - Level 9.0 Fighting
 - Level 10.0 Short Blades
 * Level 10.2 Ranged Weapons
 - Level 13.0 Dodging
 - Level 8.0 Stealth


You had 12 spell levels left.
You didn't know any spells.
Your spell library contained the following spells:

 Spells                   Type           Power      Damage    Failure   Level
 Freeze                   Ice            0%         1d3       36%         1
 Necrotise                Necr           0%         1d4       36%         1
 Frozen Ramparts          Ice            0%         1d1       73%         3
 Gell's Gravitas          Tloc           0%         N/A       73%         3
 Hailstorm                Conj/Ice       0%         3d3       73%         3
 Teleport Other           Tloc           0%         N/A       73%         3
 Vampiric Draining        Necr           0%         2d6       73%         3
 Agony                    Necr           0%         N/A       100%        5
 Summon Forest            Summ/Tloc      0%         N/A       100%        5
 Summon Mana Viper        Hex/Summ       0%         N/A       100%        5
 Dispersal                Tloc           0%         N/A       100%        6
 Summon Cactus Giant      Summ           0%         N/A       100%        6


Dungeon Overview and Level Annotations

Branches:
Dungeon (8/15)             Temple (1/1) D:6            Lair (5/5) D:8
  Swamp (0/4) Lair:3        Snake (1/4) Lair:2        Slime (0/5) Lair:4

Shops:
D:2 *

Annotations:
D:3 1 runed translucent door, Cheivey's ghost, amateur DsFi
Snake:1 Aizul


Innate Abilities, Weirdness & Mutations

You have an increased reservoir of magic. (+10% MP)
You shall have no god before yourself.
Your divine heritage dramatically boosts your attributes as you level up.


Message History

The poison arrow hits you!
You are poisoned.
You partially resist. The salamander completely misses you.
You barely miss Aizul.
Aizul is moderately wounded.
You feel sick. Aizul hits you but does no damage.
A black mamba comes into view.
The black mamba hisses angrily.
You hit Aizul. You freeze Aizul.
Aizul is moderately wounded.
You feel sick. Aizul casts a spell at you. The bolt of poison misses you.
A black mamba comes into view.
The salamander hits you from afar with a +0 trident!
You are engulfed in flames!
You miss Aizul.
Aizul is moderately wounded.
You feel sick. Aizul barely misses you.
The black mamba hisses angrily.
You hit Aizul but do no damage. You punch Aizul.
Aizul is moderately wounded.
You feel sick. The salamander closely misses you.
A naga ritualist comes into view.
It is wielding a +0 war axe and carrying a wand of paralysis (7).
You hit Aizul. You freeze Aizul.
Aizul is moderately wounded.
You feel sick. Aizul hits you!!
* * * LOW HITPOINT WARNING * * *
A salamander mystic comes into view. It is wielding a +0 quarterstaff.
You feel much better.
You feel sick. Aizul misses you.
The salamander hits you from afar with a +0 trident!
You are engulfed in flames!
Aizul casts a spell at you.
You fall asleep.
You feel sick.
The salamander hits you from afar with a +0 trident!!
You wake up.
* * * LOW HITPOINT WARNING * * *
You are engulfed in flames!
You die...

#....................# #
##..................### #
###..................## #
##.....................##
#.##.......######...##..##
#####.#...## ##[.####..##
# #....## #..##
##..######. #....# #..#
##....#... ##..## ##@##
#.......# ##...## ##S##
#...#..## ##.##..## #SN#
#......## ##.####.^####.S#
##......# #.## ##..>#..##
#....... ### ##......##
#..###... ##..NN..### #.##
#... ##.......# #.# #...
#.........# .. #...


You could see Aizul, a salamander mystic, a salamander, a naga ritualist and 2
black mambas.

Vanquished Creatures
  Gastronok (Lair:1)
  4 hydras
  2 catoblepae
  A boulder beetle (Lair:4)
  A deep troll shaman (Lair:5)
  A naga warrior (Snake:1)
  3 death yaks (Lair:5)
  A lindwurm (Lair:5)
  A cyclops (D:8)
  A salamander (Snake:1)
  16 elephants
  12 black mambas
  A naga mage (Snake:1)
  Joseph (D:8)
  A torpor snail (Lair:1)
  4 cane toads
  4 rime drakes
  3 komodo dragons
  A hornet (D:6)
  10 blink frogs
  15 dream sheep
  4 wyverns
  Eustachio (D:6)
  11 yaks
  4 basilisks
  2 wargs (D:8)
  3 nagas (Lair:2)
  A swamp worm (Lair:3)
  9 water moccasins
  5 black bears
  2 sky beasts
  2 orc warriors (D:8)
  2 ogres
  4 centaurs
  17 wolves
  A kobold brigand (D:4)
  2 phantoms
  14 bullfrogs
  3 scorpions
  2 necrophages
  The ghost of Shayle the Conjurer, a weakling DsRe (D:4)
  A howler monkey (D:4)
  14 jellies
  3 orc priests (D:8)
  5 hounds
  A gnoll bouda (D:7)
  4 iguanas
  2 orc wizards (D:8)
  11 gnolls
  6 adders
  A shadow imp (D:7)
  2 ufetubi (D:6)
  4 worms
  2 dart slugs
  21 orcs
  12 endoplasms
  4 giant cockroaches
  7 goblins
  15 hobgoblins
  3 jackals (D:5)
  17 kobolds
  2 quokkas
  4 ball pythons
  6 bats
  4 frilled lizards
  7 rats
  2 butterflies
334 creatures vanquished.

Vanquished Creatures (others)
  A blink frog (Lair:1)
  An orc wizard (D:8)
  13 fungi
  14 plants
29 creatures vanquished.

Grand Total: 363 creatures vanquished

Notes
Turn   | Place    | Note
-------+----------+-------------------------------------------
     0 | D:1      | avis the Demigod Hunter began the quest for the Orb.
     0 | D:1      | Reached XP level 1. HP: 17/17 MP: 3/3
   344 | D:1      | Reached XP level 2. HP: 24/24 MP: 4/4
   368 | D:1      | Reached skill level 2 in Dodging
  1144 | D:2      | Found Qoim's General Store.
  1151 | D:2      | Reached XP level 3. HP: 25/29 MP: 5/5
  1255 | D:2      | Reached skill level 3 in Dodging
  1300 | D:2      | Reached skill level 1 in Stealth
  2136 | D:2      | Bought a potion of lignification for 33 gold pieces
  2136 | D:2      | Bought a scroll of identify for 22 gold pieces
  2156 | D:3      | Reached XP level 4. HP: 36/36 MP: 6/6
  2292 | D:3      | Found a runed translucent door.
  2295 | D:3      | Noticed Cheivey's ghost (amateur DsFi)
  2859 | D:2      | Bought a potion of haste for 110 gold pieces
  2939 | D:4      | Reached XP level 5. HP: 39/45 MP: 7/7
  3273 | D:4      | Reached skill level 5 in Ranged Weapons
  3362 | D:4      | Reached XP level 6. HP: 51/51 MP: 8/8
  3461 | D:4      | Found a runed translucent gate.
  3461 | D:4      | Found a runed translucent gate.
  3461 | D:4      | Found a runed translucent gate.
  3464 | D:4      | Noticed Shayle's ghost (weakling DsRe)
  3525 | D:4      | Killed Shayle's ghost
  3557 | D:4      | Identified the +8 dagger of Xiuwuoq {freeze, rCorr}
  3721 | D:5      | Entered Level 5 of the Dungeon
  3727 | D:4      | Reached skill level 4 in Dodging
  3736 | D:4      | Reached XP level 7. HP: 48/57 MP: 9/9
  3811 | D:5      | Reached skill level 5 in Dodging
  4057 | D:5      | Reached skill level 6 in Dodging
  4709 | D:6      | Noticed Eustachio
  4724 | D:6      | Killed Eustachio
  4725 | D:6      | Reached XP level 8. HP: 66/66 MP: 10/10
  4784 | D:6      | Noticed a hornet
  4791 | D:6      | Paralysed by a hornet for 2 turns
  4794 | D:6      | Killed a hornet
  5019 | D:6      | Found a staircase to the Ecumenical Temple.
  5039 | D:6      | Found the +1 Delatra's gloves {ID++}
  5067 | Temple   | Entered the Ecumenical Temple
  5067 | Temple   | Found a transporter.
  5067 | Temple   | Found a transporter.
  5069 | Temple   | Found a transporter.
  5069 | Temple   | Found a transporter.
  6212 | D:7      | Reached skill level 7 in Dodging
  6418 | D:7      | Reached XP level 9. HP: 71/71 MP: 11/11
  6871 | D:7      | Identified a scroll of acquirement
  6873 | D:7      | Acquired the amulet of Xom's Recklessness {Regen+ Dex+4}
  7015 | D:8      | Reached skill level 8 in Dodging
  7110 | D:8      | Found a staircase to the Lair.
  7152 | D:8      | Reached skill level 5 in Fighting
  7216 | D:8      | Noticed Joseph
  7238 | D:8      | Killed Joseph
  7417 | D:8      | Noticed a cyclops
  7431 | D:8      | Killed a cyclops
  7677 | Lair:1   | Entered Level 1 of the Lair of Beasts
  7792 | Lair:1   | Noticed Gastronok
  7830 | Lair:1   | Killed Gastronok
  7831 | Lair:1   | Reached skill level 10 in Ranged Weapons
  7831 | Lair:1   | Reached XP level 10. HP: 78/81 MP: 13/13
  7921 | Lair:1   | Reached skill level 9 in Dodging
  8022 | Lair:1   | Noticed a torpor snail
  8031 | Lair:1   | Killed a torpor snail
  8107 | Lair:1   | Noticed a black mamba
  8121 | Lair:1   | Killed a black mamba
  8122 | Lair:1   | Reached skill level 10 in Dodging
  8171 | Lair:1   | Reached skill level 5 in Stealth
  8781 | Lair:2   | Noticed a black mamba
  8781 | Lair:2   | Noticed a black mamba
  8783 | Lair:2   | Killed a black mamba
  8800 | Lair:2   | Killed a black mamba
  8860 | Lair:2   | Noticed a black mamba
  8872 | Lair:2   | Killed a black mamba
  8923 | Lair:2   | Reached skill level 5 in Short Blades
  8923 | Lair:2   | Reached XP level 11. HP: 54/89 MP: 14/14
  9023 | Lair:2   | Found a staircase to the Snake Pit.
  9434 | Lair:2   | Reached skill level 11 in Dodging
  9855 | Lair:1   | Upgraded the game from 0.30-a0-715-gdb4ae3ece1 to
                  | 0.30-a0-718-geaa24f58ff
  9956 | Lair:3   | Identified the +0 falchion of the Disturbing Lies {venom,
                  | Int+2}
 10216 | Lair:3   | Noticed a seven-headed hydra
 10231 | Lair:3   | Killed a seven-headed hydra
 10534 | Lair:3   | Noticed a six-headed hydra
 10547 | Lair:3   | Killed a six-headed hydra
 10581 | Lair:3   | Found a staircase to the Swamp.
 11215 | Lair:3   | Reached XP level 12. HP: 100/100 MP: 15/15
 11234 | Lair:4   | Noticed a catoblepas
 11265 | Lair:4   | Killed a catoblepas
 11385 | Lair:3   | Reached skill level 12 in Dodging
 11702 | Lair:4   | Noticed a boulder beetle
 11743 | Lair:4   | Killed a boulder beetle
 11763 | Lair:4   | Found a staircase to the Slime Pits.
 11884 | Lair:4   | You fall into a shaft and drop 1 floor!
 11884 | Lair:5   | Entered Level 5 of the Lair of Beasts
 12069 | Lair:4   | Identified the +0 leather armour of Burnt Awe {rPois Int+3}
 12676 | Lair:5   | Noticed a catoblepas
 12703 | Lair:5   | Killed a catoblepas
 12716 | Lair:5   | Reached skill level 10 in Short Blades
 12958 | Lair:5   | Noticed a seven-headed hydra
 12965 | Lair:5   | Identified the +7 mace "Walillup" {freeze, Dex+2}
 12980 | Lair:5   | Killed a seven-headed hydra
 13128 | Lair:5   | Reached skill level 13 in Dodging
 13138 | Lair:5   | Reached XP level 13. HP: 97/107 MP: 16/16
 14075 | Snake:1  | Entered Level 1 of the Snake Pit
 14374 | Snake:1  | Noticed Aizul
 14400 | Snake:1  | HP: 4/111 [salamander/+0 trident (30)]
 14400 | Snake:1  | Mangled by a salamander

Illustrated notes

Levels and vault maps discovered:
D:1:      ncdulo_halloftheorcs, layout_basic, ebering_ecumenical_altar_ruins
D:2:      layout_basic, serial_shops, shop
D:3:      cheibrodos_greedy_goblins, layout_rooms,
          ebering_ghost_reflecting_pool, moated_statue
D:4:      layout_rooms, gammafunk_ghost_nasty_kobolds
D:5:      layout_rooms, nicolae_overflow_hidden_temple,
          chequers_serial_rivers_room_b, nicolae_fountain_basement
D:6:      layout_layer_cave, minmay_temple_entry_drinking_statues,
          uniq_eustachio
D:7:      layout_basic
D:8:      layout_rooms, gammafunk_temple_overflow_claw,
          erik_lair_orcish_takeover, uniq_joseph
Temple:   hellmonk_temple_divided_pantheon
Lair:1:   layout_roguey, grunt_megastairs_3, lemuel_fruit_fields,
          lemuel_fruit_tree, uniq_gastronok
Lair:2:   layout_gridlike, guppyfry_snake_entry_island, serial_bayou_shore_b,
          lemuel_fruit_fields
Lair:3:   layout_cave_shapes, palyth_hydra_swamp_entry
Lair:4:   layout_hall_layers, minmay_slime_entry_jelly_boxes,
          lemuel_fruit_fields
Lair:5:   grunt_lair_end_beastmaster, layout_cave_pods
Snake:1:  layout_layer_cave, minmay_shop_grove, uniq_aizul

Skill      XL: |  1  2  3  4  5  6  7  8  9 10 11 12 13 |
---------------+----------------------------------------+-----
Ranged Weapons | 4 5 6 8 10 | 10.2
Fighting       | 2 3 4 5 6 7 8 9 |  9.0
Dodging        | 2 3 4 6 7 8 10 11 13 | 13.0
Stealth        | 2 3 4 5 6 7 8 |  8.0
Short Blades   | 2 4 5 8 10 | 10.0

Action                     |  1- 3 |  4- 6 |  7- 9 | 10-12 | 13-15 || total
---------------------------+-------+-------+-------+-------+-------++-------
  Melee: Short sword       |     1 |    28 |       |       |       ||    29
         Dagger            |       |     9 |   166 |   624 |    40 ||   839
         Punch             |       |     1 |     3 |    16 |     1 ||    21
   Fire: Shortbow          |    99 |   163 |   192 |   260 |    66 ||   780
  Evoke: Wand              |       |     1 |       |     2 |       ||     3
    Use: Scroll            |       |     5 |    14 |     5 |     2 ||    26
         Potion            |       |     1 |     1 |     2 |     3 ||     7
   Stab: Sleeping          |       |     1 |     2 |     1 |       ||     4
         Petrifying        |       |       |       |     2 |       ||     2
         Petrified         |       |       |       |     2 |       ||     2
 Armour: Leather armour    |     4 |    44 |    25 |    81 |     1 ||   155
  Dodge: Dodged            |    10 |   117 |   215 |   814 |    73 ||  1229
  Block: Other             |    12 |    49 |    29 |       |       ||    90
         Reflection        |       |     3 |     2 |       |       ||     5

Table legend: (Time is in decaauts)
 A = Elapsed time spent in this place.
 B = Non-inter-level travel time spent in this place.
 C = Inter-level travel time spent in this place.
 D = Time resting spent in this place.
 E = Time spent auto-exploring this place.
 F = Levels seen in this place.
 G = Mean time per level.
                   A        B        C        D        E       F      G
               +--------+--------+--------+--------+--------+-----+--------+
         Total |  14207 |  12333 |   1874 |   1428 |   7377 |  15 |  947.1 |
       Dungeon |   7863 |   6820 |   1043 |    947 |   4169 |   8 |  982.9 |
        Temple |     53 |     51 |      2 |      0 |      0 |   1 |   53.0 |
          Lair |   5977 |   5149 |    828 |    477 |   3011 |   5 | 1195.4 |
     Snake Pit |    313 |    313 |      0 |      4 |    197 |   1 |  313.0 |
               +--------+--------+--------+--------+--------+-----+--------+

Top non-repeatable levels by time:
     D:6: 1418 daAuts
  Lair:5: 1381 daAuts
  Lair:2: 1274 daAuts
     D:2: 1258 daAuts
  Lair:1: 1182 daAuts
  Lair:4: 1082 daAuts
     D:4: 1064 daAuts
  Lair:3: 1055 daAuts
     D:1: 1012 daAuts
     D:7: 928 daAuts
     D:8: 779 daAuts
     D:5: 736 daAuts
     D:3: 665 daAuts
 Snake:1: 313 daAuts
  Temple: 53 daAuts
